 Dungeon Crawl Stone Soup version 0.31-a0-204-g7da18cac08 (webtiles) character file.

Game seed: 1986728746255382446

164 lunkers the Cutter (level 6, 0/31 (47) HPs)
             Began as a Meteoran Wanderer on June 27, 2023.
             Slain by an orc wizard
             ... wielding a +2 dagger of draining
              (4 damage)
             ... on level 4 of the Dungeon.
             The game lasted 00:04:08 (1313 turns).

lunkers the Cutter (Meteoran Wanderer)              Turns: 1313, Time: 00:04:09

HP:   0/31 (47)     AC:  7    Str: 12    XL:     6   Next: 4%
MP:   9/9           EV:  8    Int: 17    God:
Gold: 157           SH:  0    Dex: 14    Spells: 7/7 levels left

rFire   . . .        a - +1 rapier (elec)
rCold   . . .        (no shield)
rNeg    . . .        b - +1 scale mail
rPois   .            (no helmet)
rElec   .            (no cloak)
rCorr   .            (no gloves)
SInv    .            (no boots)
Will    .....        (no amulet) Stlth
                     (no ring)
HPRegen 0.25/turn    (no ring)
MPRegen 0.11/turn

%: no passive effects
@: glowing, very heavily drained
A: sense surroundings 1, otherworldly, glowing, explore regen
a: no special abilities


You were on level 4 of the Dungeon.
You visited 1 branch of the dungeon, and saw 4 of its levels.

You collected 157 gold pieces.

Inventory:

Hand Weapons
 a - a +1 rapier of electrocution (weapon)
 g - a +0 dagger
Armour
 b - a +1 scale mail (worn)
Scrolls
 c - a scroll of teleportation
Potions
 e - a potion of curing
 h - a potion of mutation
 i - a potion of haste {unknown}
Miscellaneous
 d - a sack of spiders (quivered)


   Skills:
 - Level 1.1 Fighting
 + Level 5.5 Short Blades
 - Level 3.6 Armour
 - Level 1.3 Spellcasting
 - Level 2.4 Air Magic
 - Level 3.6 Evocations


You had 7 spell levels left.
You didn't know any spells.
Your spell library contained the following spells:

 Spells                   Type           Power      Damage    Failure   Level
 Static Discharge         Conj/Air       10%        2-3/arc   67%         2
 Cigotuvi's Dreadful Rot  Necr/Pois/Air  6%         N/A       73%         2


Dungeon Overview and Level Annotations

Branches:
Dungeon (4/15) Zot: 1092
 Temple: D:4-7

Altars:

Annotations:
D:4 Robin


Innate Abilities, Weirdness & Mutations

You passively map a small area around you.
You are easily found by Zot.
You glow in the dark.
You regain HP and MP as you explore.


Message History

Things that are here:
a +0 dagger; a +0 robe Something hits you but does no damage.
You feel drained. The goblin hits you but does no damage.
Unknown command.
You hit the goblin.
You kill the goblin!
Something hits you.
* * * LOW HITPOINT WARNING * * *
You feel drained.
An orc comes into view. It is wielding a +0 flail.
Unknown command.
You barely miss something.
The orc shouts!
You hear some strange, mumbled words.
Something tries to affect you, but you resist.
Unknown command.
You closely miss something. Something hits you.
* * * LOW HITPOINT WARNING * * *
You feel drained.
* * * LOW HITPOINT WARNING * * *
The orc hits you with a +0 flail.
* * * LOW HITPOINT WARNING * * *
You miss something.
An orc comes into view. It is wielding a +0 whip.
The orc barely misses you. Something hits you but does no damage.
You feel drained.
Unknown command.
You barely miss something. Something hits you but does no damage.
You feel drained. The orc barely misses you.
An orc comes into view. It is wielding a +0 hand axe.
Unknown command.
Unknown command.
The orc shouts!
You hit something but do no damage. Lightning courses through something!
Something hits you.
* * * LOW HITPOINT WARNING * * *
You feel drained. The orc closely misses you.
Unknown command.
You miss something. Something hits you.
You die...

..... ,. ....##
.....# .##.....#
*#.....##.o......
, *
......#........#
,
......o.........
*
................
, *
.......o).......
.#..#.o{)......#
* * #..@)).#...#
, ...........# ##
.#............# ,
* ,
#......##...... ,
##...... ...... ,
* , ##.....
......, * ...[..
.....# , ,
........,..... *
, ,


You could see 4 orcs.

Vanquished Creatures
  A hound (D:3)
  An orc wizard (D:4)
  4 adders
  3 worms (D:2)
  2 dart slugs
  2 orcs (D:4)
  5 bats
  2 endoplasms (D:2)
  2 giant cockroaches (D:3)
  11 goblins
  4 hobgoblins
  7 jackals (D:1)
  4 kobolds
  5 ball pythons
  2 frilled lizards
  A rat (D:2)
56 creatures vanquished.

Notes
Turn   | Place    | Note
-------+----------+-------------------------------------------
     0 | D:1      | lunkers the Meteoran Wanderer began the quest for the Orb.
     0 | D:1      | lunkers set off with the following items: a +0 dagger, a +0
                  | scale mail, a scroll of teleportation, a sack of spiders;
                  | and the following spells available to memorise: Static
                  | Discharge, Cigotuvi's Dreadful Rot.
     0 | D:1      | Reached XP level 1. HP: 16/16 MP: 3/3
    62 | D:1      | Reached skill level 1 in Short Blades
   133 | D:1      | Reached XP level 2. HP: 22/23 MP: 5/5
   280 | D:1      | Reached skill level 2 in Short Blades
   478 | D:2      | Reached XP level 3. HP: 28/28 MP: 6/6
   527 | D:2      | Reached skill level 3 in Short Blades
   556 | D:2      | Reached XP level 4. HP: 30/35 MP: 7/7
   769 | D:3      | Reached skill level 4 in Short Blades
  1002 | D:3      | Reached XP level 5. HP: 38/40 MP: 8/8
  1163 | D:4      | Noticed Robin
  1218 | D:3      | Reached skill level 5 in Short Blades
  1303 | D:4      | Reached XP level 6. HP: 20/41 MP: 9/9
  1313 | D:4      | Slain by an orc wizard

Illustrated notes

Levels and vault maps discovered:
D:1:      lemuel_arrival_funnel, layout_loops_ring
D:2:      layout_loops_ring, uniq_crazy_yiuf_cottage
D:3:      layout_basic
D:4:      layout_cave_pools, uniq_robin

Skill      XL: |  1  2  3  4  5 |
---------------+----------------+-----
Short Blades   | 1 2 3 4 5 |  5.5
Fighting       | |  1.1
Armour         | |  3.6
Spellcasting   | |  1.3
Air Magic      | |  2.4
Evocations     | |  3.6

Action                     |  1- 3 |  4- 6 || total
---------------------------+-------+-------++-------
  Melee: Dagger            |    88 |       ||    88
         Rapier            |    25 |   110 ||   135
         Punch             |       |     3 ||     3
    Use: Scroll            |       |     4 ||     4
 Armour: Scale mail        |    72 |    76 ||   148
  Dodge: Dodged            |    52 |    41 ||    93

Table legend: (Time is in decaauts)
 A = Elapsed time spent in this place.
 B = Non-inter-level travel time spent in this place.
 C = Inter-level travel time spent in this place.
 D = Time resting spent in this place.
 E = Time spent auto-exploring this place.
 F = Levels seen in this place.
 G = Mean time per level.
                   A        B        C        D        E       F      G
               +--------+--------+--------+--------+--------+-----+--------+
         Total |   1306 |   1174 |    132 |      0 |    731 |   4 |  326.5 |
       Dungeon |   1306 |   1174 |    132 |      0 |    731 |   4 |  326.5 |
               +--------+--------+--------+--------+--------+-----+--------+

Top non-repeatable levels by time:
     D:3: 537 daAuts
     D:1: 374 daAuts
     D:2: 362 daAuts
     D:4: 32 daAuts
